 Dungeon Crawl Stone Soup version 0.31.0-11-ge490571c62 (webtiles) character file.

Game seed: 3697661687811667255

9 browni3141 the Conjurer (level 2, 19/19 HPs)
             Began as a Demonspawn Conjurer on Jan 30, 2024.
             Got out of the dungeon alive.
             The game lasted 00:00:21 (488 turns).

browni3141 the Conjurer (Demonspawn Conjurer)        Turns: 488, Time: 00:00:22

Health: 19/19      AC:  2    Str:  7    XL:     2   Next: 6%
Magic:  5/5        EV: 12    Int: 18    God:
Gold:   23         SH:  0    Dex: 11    Spells: 4/5 levels left

rFire   . . .        (no weapon)
rCold   . . .        (no shield)
rNeg    . . .        a - +0 robe
rPois   .            (no helmet)
rElec   .            (no cloak)
rCorr   .            (no gloves)
SInv    .            (no boots)
Will    .....        (no amulet)
Stlth   ++           (no ring)
HPRegen 0.23/turn    (no ring)
MPRegen 0.09/turn

%: no passive effects
@: no status effects
A: demonic magic 1
a: no special abilities


You escaped.
You visited 1 branch of the dungeon, and saw 2 of its levels.

You collected 23 gold pieces.

Inventory:

Armour
 a - a +0 robe (worn)
Scrolls
 c - a scroll of noise {unknown}
Potions
 b - a potion of magic


   Skills:
 + Level 2.0 Dodging
 + Level 2.0 Stealth
 + Level 2.1 Spellcasting
 + Level 4.1 Conjurations


You had 4 spell levels left.
You knew the following spells:

 Your Spells              Type           Power      Damage    Failure   Level
a - Magic Dart            Conj           64%        1d6       3%          1

Your spell library contained the following spells:

 Spells                   Type           Power      Damage    Failure   Level
 Searing Ray              Conj           32%        2d5       4%          2
 Fulminant Prism          Conj/Alch      4%         3d5       58%         4
 Iskenderun's Mystic Bla  Conj/Tloc      9%         2d4       58%         4


Dungeon Overview and Level Annotations

Branches:
Dungeon (2/15)

Altars:


Innate Abilities, Weirdness & Mutations

Spells you cast may paralyse adjacent enemies.


Message History

You can't see any susceptible monsters within range! (Use Z to cast anyway.)
You can't see any susceptible monsters within range! (Use Z to cast anyway.)
You see here a frilled lizard corpse.
A jackal comes into view.
A jackal is nearby!
A jackal is nearby!
The magic dart hits the jackal.
The jackal is moderately wounded.
The magic dart hits the jackal.
The jackal is almost dead.
The magic dart hits the jackal.
You kill the jackal!
A jackal comes into view.
The jackal barks!
A jackal is nearby!
A jackal is nearby!
The magic dart hits the jackal.
You kill the jackal!
A jackal comes into view.
The jackal moves out of view.
You can't see any susceptible monsters within range! (Use Z to cast anyway.)
You can't see any susceptible monsters within range! (Use Z to cast anyway.)
A jackal is nearby!
A jackal is nearby!
The magic dart hits the jackal.
The jackal is severely wounded.
The jackal barks!
The magic dart hits the jackal.
You kill the jackal!
You are out of magic!
Found a stone staircase leading down.
A kobold and a ball python come into view.
The kobold shouts!
You hear a shout!
The kobold throws a stone.
The stone closely misses you.
There are monsters nearby!
The magic dart hits the kobold.
The kobold is moderately wounded.
The magic dart hits the ball python.
The ball python is severely wounded.
The magic dart hits the ball python.
You kill the ball python!
The kobold throws a stone.
The stone hits you but does no damage.
Your Stealth skill increases to level 2!
A kobold is nearby!
A goblin comes into view. It is wielding a +0 club.
Found a stone staircase leading down.
You are out of magic!
You are out of magic!
You are out of magic!
The kobold throws a stone.
The stone hits you.
You are out of magic!
You are out of magic!
Found a stone staircase leading down.
You see here 14 gold pieces.
You now have 23 gold pieces (gained 14).
There is a stone staircase leading down here.
You climb downwards.
There is a stone staircase leading up here.
You start resting.
Magic restored.
You climb upwards.
There is a stone staircase leading down here.
The magic dart hits the kobold.
You kill the kobold!
The magic dart hits the goblin.
The goblin is moderately wounded.
The goblin closely misses you.
The magic dart hits the goblin.
You kill the goblin!
Your Dodging skill increases to level 2!
You have reached level 2!
Your demonic ancestry asserts itself...
A menacing aura infuses your magic.
Things that are here:
a +0 club; a goblin corpse A hobgoblin comes into view.
You are out of magic!
You are out of magic!
The hobgoblin shouts!
The hobgoblin throws a stone.
The stone closely misses you. The hobgoblin completely misses you.
You hit the hobgoblin but do no damage. The hobgoblin misses you.
You are out of magic!
You are out of magic!
You hit the hobgoblin but do no damage. The hobgoblin barely misses you.
You hit the hobgoblin.
The hobgoblin is heavily wounded.
The hobgoblin misses you.
You closely miss the hobgoblin.
The hobgoblin is heavily wounded.
The hobgoblin hits you.
The magic dart hits the hobgoblin.
You kill the hobgoblin!
Malevolent energies surge around you.
Things that are here:
5 stones; a hobgoblin corpse HP restored.
Magic restored.
There is a staircase leading out of the dungeon here.
You have escaped!

.........##
#.#.......##
#
#........##
####......##
###.....##
###....##
###...##
###..##
###@# ###


There were no monsters in sight!

Vanquished Creatures
  A goblin (D:1)
  A hobgoblin (D:1)
  3 jackals (D:1)
  A ball python (D:1)
  2 frilled lizards (D:1)
  A kobold (D:1)
9 creatures vanquished.

Notes
Turn   | Place    | Note
-------+----------+-------------------------------------------
     0 | D:1      | browni3141 the Demonspawn Conjurer began the quest for the
                  | Orb.
     0 | D:1      | Reached XP level 1. HP: 13/13 MP: 3/3
   398 | D:1      | Gained mutation: Spells you cast may paralyse adjacent
                  | enemies. [demonic ancestry]
   398 | D:1      | Reached XP level 2. HP: 19/19 MP: 0/5
   488 | D:$      | Got out of the dungeon alive.

Illustrated notes

Levels and vault maps discovered:
D:1:      minmay_arrival_pointy, layout_basic
D:2:      layout_basic, dk_noncrumbling_3, nicolae_shop_unique_rings,
          minmay_misc_feat_enclosed, grunt_ministairs_15, grunt_decor_resistance

Skill      XL: |  1 |
---------------+----+-----
Stealth        | 2 |  2.0
Dodging        | 2 |  2.0
Spellcasting   | |  2.1
Conjurations   | |  4.1

Action                     || total
---------------------------++-------
  Melee: Unarmed           ||     4
   Cast: Magic Dart        ||    15
 Armour: Robe              ||     3
  Dodge: Dodged            ||     7
